 Dungeon Crawl Stone Soup version 0.30-a0-920-g7493c07aab (webtiles) character file.

Game seed: 18380691389878348932

249 jasper the Magician (level 5, -1/38 HPs)
             Began as a Draconian Hedge Wizard on Mar 21, 2023.
             Slain by a black bear (4 damage)
             ... on level 6 of the Dungeon.
             The game lasted 00:05:22 (3299 turns).

jasper the Magician (Draconian Hedge Wizard)        Turns: 3299, Time: 00:05:23

Health: -1/38      AC:  5    Str: 13    XL:     5   Next: 87%
Magic:  5/11       EV: 12    Int: 16    God:
Gold:   101        SH:  0    Dex: 10    Spells: 2/12 levels left

rFire   . . .      SeeInvis +    g - +1 trident
rCold   . . .      Faith    .    (no shield)
rNeg    . . .      Spirit   .    (body armour unavailable)
rPois   .          Reflect  .    b - +0 hat
rElec   .          Rampage  .    (no cloak)
rCorr   .                        (no gloves)
Will    .....                    (no boots)
Stlth   ++                       (no amulet)
HPRegen 0.26/turn                l - ring of see invisible
MPRegen 0.12/turn                (no ring)

@: no status effects
A: AC +5, unfitting armour, cold-blooded
a: no special abilities


You were on level 6 of the Dungeon.
You visited 1 branch of the dungeon, and saw 4 of its levels.

You collected 185 gold pieces.
You spent 84 gold pieces at shops.

Inventory:

Hand Weapons
 a - a +1 dagger
 c - a +0 sling
 g - a +1 trident (weapon)
Armour
 b - a +0 hat (worn)
Jewellery
 l - a ring of see invisible (left hand)
Scrolls
 d - 2 scrolls of teleportation
 f - a scroll of silence
Potions
 h - a potion of ambrosia
 k - 3 potions of curing
 m - 2 potions of degeneration
 q - a potion of lignification {unknown}


   Skills:
 - Level 1.7 Dodging
 - Level 1.7 Stealth
 - Level 4.0 Spellcasting
 - Level 1.0 Conjurations
 - Level 2.2 Summonings
 + Level 2.1 Necromancy
 - Level 2.0 Translocations
 + Level 2.1 Air Magic
 + Level 2.0 Poison Magic


You had 2 spell levels left.
You knew the following spells:

 Your Spells              Type           Power      Damage    Failure   Level
a - Magic Dart            Conj           24%        1d4       11%         1
b - Call Imp              Summ           10%        N/A       10%         2
c - Blink                 Tloc           18%        N/A       11%         2
d - Cigotuvi's Dreadful   Necr/Pois/Air  20%        N/A       11%         2
e - Mephitic Cloud        Conj/Pois/Air  8%         N/A       26%         3

Your spell library contained the following spells:

 Spells                   Type           Power      Damage    Failure   Level
 Slow                     Hex            12%        N/A       17%         1


Dungeon Overview and Level Annotations

Branches:
Dungeon (3/15)

Altars:
Xom

Shops:
D:1 (   D:3 ?


Innate Abilities, Weirdness & Mutations

Your plain brown scales are hard. (AC +5)
You cannot fit into any form of body armour.
You are cold-blooded and may be slowed by cold attacks.


Message History

The black bear is moderately wounded.
Your white imp hits the black bear.
Your white imp freezes the black bear.
The black bear bites you. The black bear barely misses you.
The black bear claws you but does no damage.
You take 2 damage, and have 32/38 hp.
You barely miss the black bear.
The black bear is heavily wounded.
Your white imp hits the black bear.
Your white imp freezes the black bear.
The black bear goes berserk!
Your white imp hits the black bear but does no damage.
You closely miss the black bear.
Your tail-slap misses the black bear.
The black bear is severely wounded.
The black bear barely misses you. The black bear claws you.
The black bear misses you. The black bear bites you.
The black bear claws you but does no damage.
The black bear claws you.
Your white imp closely misses the black bear.
You take 5 damage, and have 28/38 hp.
You barely miss the black bear.
The black bear is severely wounded.
The black bear bites you. The black bear claws you.
The black bear closely misses you.
Your white imp barely misses the black bear.
The black bear bites you. The black bear claws you.
* * * LOW HITPOINT WARNING * * *
The black bear claws you.
* * * LOW HITPOINT WARNING * * *
You take 21 damage, and have 7/38 hp.
MASSIVE DAMAGE!!
Your white imp hits the black bear.
Your white imp freezes the black bear.
The black bear bites your white imp. The black bear misses your white imp.
The black bear claws your white imp.
Okay, then.
You barely miss the black bear.
Your tail-slap misses the black bear.
The black bear is almost dead.
The black bear barely misses you. The black bear claws you.
* * * LOW HITPOINT WARNING * * *
The black bear misses you.
Your white imp closely misses the black bear.
The black bear bites you.
You die...

# #<###.#####
#§.§...†?.#
#§#.#####.##########.#
#....@h5##.........#
#......##.......######
###..#.##.##.##.# #.
#.......##.#
#.......#####.#
##.####.# #.# # ...
..# #### ###


You could see a black bear (berserk, ally target) and a friendly white imp
(summoned).

Vanquished Creatures
  A scorpion (D:6)
  A howler monkey (D:6)
  2 adders (D:2)
  A dart slug (D:2)
  An orc (D:3)
  3 endoplasms
  2 giant cockroaches
  4 goblins (D:1)
  7 hobgoblins
  4 jackals
  4 kobolds
  3 quokkas
  7 ball pythons (D:1)
  4 bats
  3 frilled lizards
  9 rats
56 creatures vanquished.

Vanquished Creatures (collateral kills)
  A scorpion (D:6)
  An adder (D:2)
  An orc (D:3)
  An endoplasm (D:1)
  A kobold (D:1)
5 creatures vanquished.

Grand Total: 61 creatures vanquished

Notes
Turn   | Place    | Note
-------+----------+-------------------------------------------
     0 | D:1      | jasper the Draconian Hedge Wizard began the quest for the
                  | Orb.
     0 | D:1      | Reached XP level 1. HP: 14/14 MP: 4/4
    43 | D:2      | Reached XP level 2. HP: 9/20 MP: 0/6
   387 | D:2      | Learned a level 2 spell: Call Imp
   390 | D:2      | Learned a level 2 spell: Blink
   393 | D:2      | Learned a level 2 spell: Cigotuvi's Dreadful Rot
   451 | D:2      | Reached skill level 4 in Spellcasting
   621 | D:2      | Reached XP level 3. HP: 26/26 MP: 1/8
   625 | D:2      | Learned a level 3 spell: Mephitic Cloud
   958 | D:2      | Found a shimmering altar of Xom.
  1728 | D:1      | Reached XP level 4. HP: 33/33 MP: 7/10
  2290 | D:1      | Found Migiddock's Antique Weapon Emporium.
  2940 | D:3      | Found Xefieqooxt's Magic Scroll Boutique.
  2971 | D:3      | Bought a scroll of teleportation for 42 gold pieces
  2971 | D:3      | Bought a scroll of teleportation for 42 gold pieces
  3120 | D:3      | You fall into a shaft and drop 3 floors!
  3134 | D:6      | Noticed a scorpion
  3150 | D:6      | Killed a scorpion
  3151 | D:6      | Reached skill level 1 in Necromancy
  3151 | D:6      | Reached skill level 1 in Air Magic
  3151 | D:6      | Reached skill level 1 in Poison Magic
  3151 | D:6      | Reached XP level 5. HP: 26/38 MP: 11/11
  3293 | D:6      | Noticed a black bear
  3299 | D:6      | Slain by a black bear

Illustrated notes

Levels and vault maps discovered:
D:1:      amcnicky_arrival_choice, layout_basic, serial_shops,
          nicolae_shop_crystal, minmay_hexomino_u4
D:2:      layout_loops_corners, basic_altar
D:3:      layout_loops_ring, serial_shops, shop_statue, nicolae_shop_trees,
          nicolae_shop_waterfront, nicolae_shop_advertising_works
          [nicolae_subvault_shop_adworks], chequers_ecumenical_altar_twisty
D:6:      layout_loops_cross, uniq_sigmund

Skill      XL: |  1  2  3  4  5 |
---------------+----------------+-----
Spellcasting   | 4 |  4.0
Summonings     | 2 |  2.2
Translocations | 2 |  2.0
Necromancy     | 1 2 |  2.1
Air Magic      | 1 2 |  2.1
Poison Magic   | 1 2 |  2.0
Dodging        | |  1.7
Stealth        | |  1.7
Conjurations   | |  1.0

Action                     |  1- 3 |  4- 6 || total
---------------------------+-------+-------++-------
  Melee: Dagger            |    19 |       ||    19
         Tailslap          |     2 |     1 ||     3
         Trident           |       |    15 ||    15
   Cast: Magic Dart        |    78 |    58 ||   136
         Call Imp          |     2 |     8 ||    10
    Use: Potion            |     1 |     2 ||     3
         Scroll            |       |    11 ||    11
 Armour: Skin              |    12 |     5 ||    17
  Dodge: Dodged            |    38 |    17 ||    55

Table legend: (Time is in decaauts)
 A = Elapsed time spent in this place.
 B = Non-inter-level travel time spent in this place.
 C = Inter-level travel time spent in this place.
 D = Time resting spent in this place.
 E = Time spent auto-exploring this place.
 F = Levels seen in this place.
 G = Mean time per level.
                   A        B        C        D        E       F      G
               +--------+--------+--------+--------+--------+-----+--------+
         Total |   3304 |   3221 |     83 |    674 |   2141 |   4 |  826.0 |
       Dungeon |   3304 |   3221 |     83 |    674 |   2141 |   4 |  826.0 |
               +--------+--------+--------+--------+--------+-----+--------+

Top non-repeatable levels by time:
     D:2: 1695 daAuts
     D:1: 1078 daAuts
     D:3: 346 daAuts
     D:6: 184 daAuts
